 Dungeon Crawl Stone Soup version 0.22-a0-433-gd2a9cce (webtiles) character file.

151 Kairos the Skirmisher (level 5, -3/47 HPs)
             Began as a Hill Orc Monk on May 28, 2018.
             Killed from afar by an orc wizard (9 damage)
             ... with a magic dart
             ... on level 3 of the Dungeon.
             The game lasted 00:03:11 (2731 turns).

Kairos the Skirmisher (Hill Orc Monk)               Turns: 2731, Time: 00:03:12

Health: -3/47      AC:  2    Str: 15    XL:     5   Next: 33%
Magic:  5/5        EV: 10    Int: 10    God:
Gold:   110        SH:  0    Dex: 13    Spells: 4/4 levels left

rFire    + . .     SeeInvis .   d - +1 whip (drain)
rCold    + . .     Gourm    .   h - +0 shield
rNeg     . . .     Faith    .   b - +0 robe
rPois    +         Spirit   .   (no helmet)
rElec    +         Reflect  .   (no cloak)
rCorr    +         Harm     .   (no gloves)
MR       .....                  (no boots)
Stlth    +.........             (no amulet)
HPRegen  0.15/turn              (no ring)
MPRegen  0.09/turn              (no ring)

@: confused, resistant, flying, slowed, very slow
A: no striking features
a: no special abilities


You were on level 3 of the Dungeon.
You were hungry.

You visited 1 branch of the dungeon, and saw 3 of its levels.

You collected 110 gold pieces.

Inventory:

Hand Weapons
 a - a +0 hand axe
 d - a +1 whip of draining (weapon)
Armour
 b - a +0 robe (worn)
 h - a +0 shield (worn)
Scrolls
 f - a scroll of remove curse {unknown}
 g - a scroll of enchant armour {unknown}
 m - a scroll of amnesia {unknown}
 o - a scroll of identify {unknown}
Potions
 j - 3 potions of curing
 k - 2 potions of ambrosia
 l - a potion of haste {unknown}
 n - 2 potions of degeneration {unknown}
 p - a potion of invisibility {unknown}
Comestibles
 c - 8 rations


   Skills:
 + Level 4.5 Fighting
 + Level 4.3(4.8) Axes
 + Level 2.6(3.5) Maces & Flails
 + Level 3.1 Dodging
 + Level 2.2 Stealth
 + Level 1.0 Shields


You had 4 spell levels left.
You didn't know any spells.
Your spell library was empty.

Dungeon Overview and Level Annotations

Branches:
Dungeon (3/15)

Altars:


Message History

* * * LOW HITPOINT WARNING * * *
It was a potion of ambrosia.
You are confused.
You feel invigorated. The orc wizard hits you with a dagger.
* * * LOW HITPOINT WARNING * * *
The orc wizard gestures at you while chanting.
The puff of flame hits you! You resist.
* * * LOW HITPOINT WARNING * * *
The orc wizard hits you with a dagger.
* * * LOW HITPOINT WARNING * * *
You bump into the rock wall.
The orc wizard mumbles some strange words.
The orc wizard blinks!
The orc wizard hits you but does no damage.
The orc wizard gestures wildly while chanting.
The orc wizard blinks!
The orc wizard hits you with a dagger.
* * * LOW HITPOINT WARNING * * *
The orc wizard points at you and mumbles some strange words.
The magic dart hits you!
You die...

#....#.##..# #.........#.
#......##..###....##.#...
...........###...###.##.###.
......#.#[.###.### #.##.....
##.####.#....<.# #.#######
#. #.##.##### #.# # ..##.#
#.# ####.#### ... #....@oo#
# #.##§##)# ..#
......##.#####...#
###....##o#........
.........†§.......
##.....##.#?.......
##...o...#####...# ......###
..# #..##. #


You could see 2 orc wizards and an orc.

Vanquished Creatures
  7 adders
  A worm (D:2)
  6 dart slugs
  A leopard gecko (D:1)
  An orc (D:3)
  5 giant cockroaches
  5 goblins
  9 hobgoblins
  9 jackals
  7 kobolds
  A quokka (D:2)
  9 bats
  5 frilled lizards
  4 rats (D:2)
70 creatures vanquished.

Notes
Turn   | Place    | Note
-------+----------+-------------------------------------------
     0 | D:1      | Kairos the Hill Orc Monk began the quest for the Orb.
     0 | D:1      | Reached XP level 1. HP: 19/19 MP: 1/1
    14 | D:1      | Noticed an electric eel
    59 | D:1      | Reached XP level 2. HP: 19/27 MP: 2/2
   317 | D:1      | Reached XP level 3. HP: 16/33 MP: 3/3
   322 | D:1      | HP: 1/33 [dart slug/slug dart (5)]
   996 | D:2      | Reached skill level 1 in Maces & Flails
  1366 | D:2      | Reached XP level 4. HP: 25/41 MP: 4/4
  2155 | D:3      | Reached XP level 5. HP: 43/47 MP: 5/5
  2661 | D:3      | Reached skill level 1 in Shields
  2730 | D:3      | HP: 1/47 [orc wizard/dagger (3)]
  2731 | D:3      | Killed from afar by an orc wizard

Vault maps used:
D:1:      arrival_aquarium_a, corexii_hall_statues_l
D:2:      st_stairs_1, kennysheep_crisscross, minmay_surrounded
D:3:      minivault_24

Skill      XL: |  1  2  3  4  5 |
---------------+----------------+-----
Fighting       | 4 |  4.5
Maces & Flails | 1 2 |  2.6
Dodging        | 3 |  3.1
Stealth        | 2 |  2.2
Shields        | 1 |  1.0
Axes           | |  4.3

Action                   |  1- 3 |  4- 6 || total
-------------------------+-------+-------++-------
Melee: Whip              |   106 |   112 ||   218
  Use: Potion            |     1 |     3 ||     4
 Stab: Sleeping          |     4 |     3 ||     7
  Eat: Chunk             |       |     5 ||     5
Armor: Robe              |    10 |    19 ||    29
Dodge: Dodged            |    45 |    51 ||    96
Block: Shield            |    24 |    38 ||    62

Table legend:
 A = Spawn XP
 B = Non-spawn XP
 C = Spawn XP percentage of total XP
 D = Spawn monster count
 E = Non-spawn monster count
 F = Spawn count percentage of total count
 G = Total turns spent on level
                    A         B        C        D         E        F      G
               +---------+---------+-------+---------+---------+-------+---------
         Total |       0 |     216 |   0.0 |       0 |      70 |   0.0 |  2731
               +---------+---------+-------+---------+---------+-------+---------
           D:1 |       0 |      55 |   0.0 |       0 |      27 |   0.0 |   983
           D:2 |       0 |     108 |   0.0 |       0 |      33 |   0.0 |  1169
           D:3 |       0 |      53 |   0.0 |       0 |      10 |   0.0 |   579
               +---------+---------+-------+---------+---------+-------+---------
